 Dungeon Crawl Stone Soup version 0.30-a0-476-g330ca2eb8e (webtiles) character file.

Game seed: 11301656674135458801

84910 zishaf the Cloud Mage (level 15, 0/98 (100) HPs)
             Began as a Tengu Air Elementalist on Dec 21, 2022.
             Was the Champion of Ru.
             Slain by a phantasmal warrior (29 damage)
             ... led by a death knight
             ... on level 13 of the Dungeon.
             The game lasted 00:50:21 (26733 turns).

zishaf the Cloud Mage (Tengu Air Elementalist)     Turns: 26733, Time: 00:50:22

HP:   0/98 (100)    AC:  8    Str: 13    XL:     15   Next: 82%
MP:   2/39          EV: 14    Int: 24    God:    Ru [******]
Gold: 764           SH:  0    Dex: 14    Spells: 2/34 levels left

rFire   + . .      SeeInvis +    a - +2 short sword of the Hall of Blades {freeze, MP+9 Str+3}
rCold   + . .      Faith    .    (shield unavailable)
rNeg    + . .      Spirit   .    P - +2 leather armour {rF+}
rPois   .          Reflect  .    L - +0 hat
rElec   .          Harm     .    t - +0 cloak
rCorr   .          Rampage  .    p - +1 pair of gloves
Will    +....                    (boots unavailable)
Stlth   ++........               J - amulet of Palet {RegenMP rN+ Int+2}
HPRegen 0.36/turn                (ring unavailable)
MPRegen 0.66/turn                D - ring of Ibof {rC+ SInv}

@: flying quickly and evasively, studying Transmutations, lightly drained, quick
A: beak, talons 3, missing a hand, inability to use devices, inability to train
armour, nimble flight
a: Renounce Religion, Draw Out Power, Power Leap, Apocalypse


You were on level 13 of the Dungeon.
You worshipped Ru.
Ru was exalted by your worship.
You visited 4 branches of the dungeon, and saw 21 of its levels.
You also visited: Bailey and Volcano.

You collected 1635 gold pieces.
You spent 871 gold pieces at shops.

Inventory:

Hand Weapons
 a - the +2 short sword of the Hall of Blades (weapon) {freeze, MP+9 Str+3}
   (You found it on level 3 of the Dungeon)

   It freezes those it strikes, dealing additional cold damage.
   It can also slow down cold-blooded creatures.
   Str:       It affects your strength (+3).
   MP:        It affects your magic capacity (+9).
 r - a +3 dagger of electrocution
 w - the +5 dagger of Fundamental Breach {venom, rF+ Int+5}
   (You found it on level 9 of the Dungeon)

   It poisons the flesh of those it strikes.
   Int:       It affects your intelligence (+5).
   rF:        It protects you from fire.
Missiles
 g - a throwing net
Armour
 p - a +1 pair of gloves (worn)
 s - a +0 robe
 t - a +0 cloak (worn)
 B - a +2 leather armour of cold resistance
 L - a +0 hat (worn)
 P - a +2 leather armour of fire resistance (worn)
Magical Staves
 b - a staff of conjuration
Jewellery
 e - a ring of ice
 m - a ring of poison resistance
 x - a ring of willpower
 C - a ring of see invisible
 D - the ring of Ibof (right hand) {rC+ SInv}
   (You bought it in a shop on level 2 of the Orcish Mines)

   [ring of protection from cold]

   rC:        It protects you from cold.
   SInv:      It lets you see invisible.
 G - a ring of fire
 J - the amulet of Palet (around neck) {RegenMP rN+ Int+2}
   (You took it off a vampire on level 11 of the Dungeon)

   [amulet of magic regeneration]

   It increases your rate of magic regeneration.
   Int:       It affects your intelligence (+2).
   rN:        It protects you from negative energy.
Scrolls
 c - 5 scrolls of amnesia
 h - 4 scrolls of enchant armour
 k - 2 scrolls of fog
 v - 3 scrolls of blinking
 y - a scroll of poison
 z - 7 scrolls of teleportation
 F - 6 scrolls of identify
 I - a scroll of magic mapping
 K - a scroll of summoning
 M - a scroll of enchant weapon
 N - a scroll of silence
 Q - a scroll of fear
 R - a scroll of brand weapon
 S - a scroll of torment
Potions
 d - 3 potions of mutation
 f - 2 potions of attraction
 i - 2 potions of cancellation
 j - 5 potions of haste
 l - 2 potions of lignification
 n - 11 potions of heal wounds
 o - a potion of might
 q - 5 potions of ambrosia
 u - 6 potions of curing
 A - 2 potions of magic
 E - 5 potions of berserk rage
 H - 2 potions of brilliance
 O - a potion of invisibility


   Skills:
 + Level 14.1 Fighting
 - Level 2.1 Dodging
 - Level 2.0 Stealth
 - Level 10.0 Spellcasting
 + Level 16.0 Conjurations
 + Level 22.7 Air Magic


You had 2 spell levels left.
You knew the following spells:

 Your Spells              Type           Power      Damage    Failure   Level
a - Shock                 Conj/Air       100%       1d9       0%          1
b - Airstrike             Air            44%        2d(7-23)  0%          4
c - Chain Lightning       Conj/Air       40%        3d54      94%         9
A - Static Discharge      Conj/Air       100%       2-7/arc   0%          2
B - Arcjolt               Conj/Air       40%        1d50      1%          5
C - Maxwell's Capacitive  Air            44%        ∞         3%          8
D - Swiftness             Air            88%        N/A       0%          3

Your spell library contained the following spells:

 Spells                   Type           Power      Damage    Failure   Level
 Magic Dart               Conj           100%       1d8       0%          1
 Poisonous Vapours        Pois/Air       100%       N/A       1%          2
 Apportation              Tloc           24%        N/A       7%          1
 Necrotise                Necr           48%        1d6       7%          1
 Sting                    Tmut/Pois      48%        1d5       7%          1
 Call Imp                 Summ           12%        N/A       10%         2
 Ensorcelled Hibernation  Hex/Ice        24%        N/A       10%         2
 Passwall                 Tmut/Erth      10%        N/A       10%         2
 Kindle Blastsparks       Fire/Tloc/Air  96%        2d18      1%          3
 Mephitic Cloud           Conj/Pois/Air  65%        N/A       1%          3
 Vhi's Electric Charge    Tloc/Air       100%       N/A       1%          3
 Silence                  Hex/Air        30%        N/A       1%          5
 Fulminant Prism          Conj/Hex       25%        3d14      2%          4
 Iskenderun's Mystic Bla  Conj/Tloc      50%        2d11      2%          4
 Gell's Gravitas          Tloc           12%        N/A       21%         3
 Lesser Beckoning         Tloc           24%        N/A       21%         3
 Ozocubu's Armour         Ice            12%        N/A       21%         3
 Teleport Other           Tloc           12%        N/A       21%         3
 Anguish                  Hex/Necr       6%         N/A       54%         4
 Olgreb's Toxic Radiance  Pois           12%        N/A       54%         4
 Passage of Golubria      Tloc           12%        N/A       54%         4
 Alistair's Intoxication  Tmut/Pois      8%         N/A       88%         5
 Lee's Rapid Deconstruct  Erth           6%         3d6*      88%         5
 Enfeeble                 Hex            6%         N/A       100%        7
 Ozocubu's Refrigeration  Ice            6%         4d8       100%        7
 Lehudib's Crystal Spear  Conj/Erth      25%        10d7      100%        8
 Fire Storm               Conj/Fire      25%        8d6       100%        9
 Shatter                  Erth           6%         3d9*      100%        9


Dungeon Overview and Level Annotations

Branches:
Dungeon (13/15)            Temple (1/1) D:4            Lair (5/5) D:8
 Shoals (0/4) Lair:2        Snake (0/4) Lair:3        Slime (0/5) Lair:5
    Orc (2/2) D:10            Elf (0/3) Orc:2        Bailey (visited)
Volcano (visited)
 Vaults: D:13-14

Altars:
Ashenzari
Cheibriados
Dithmenos
Elyvilon
Fedhas
Gozag
Hepliaklqana
Kikubaaqudgha
Makhleb
Nemelex Xobeh
Okawaru
Qazlal
Ru
Sif Muna
Trog
Uskayaw
Vehumet
Wu Jian
Xom
Yredelemnul
Zin
The Shining One
Jiyva

Shops:
D:2 ?   D:3 [   D:6 [   Orc:1 [   Orc:2 *(?=


Innate Abilities, Weirdness & Mutations

You have a beak for a mouth.
You have claws for feet.
You are missing a hand.
You cannot study or use magical devices.
You cannot train Armour skill.
Your magical nature lets you fly swiftly and evasively.


Message History

You feel charge building up...
A phantasmal warrior comes into view.
The phantasmal warrior gestures at you.
The phantasmal warrior blinks!
The electricity discharges through the phantasmal warrior!
The phantasmal warrior vaporises in an electric haze!
You destroy the phantasmal warrior!
Your magical contamination has completely faded away.
You see here a +0 giant spiked club.
The phantasmal warrior misses you.
The phantasmal warrior begins to attack, but is stunned by your conviction!
Casting: Maxwell's Capacitive Coupling (dangerous; 3% risk of failure)
Confirm with . or Enter, or press ? or * to list all spells.
Aiming: Airstrike (safe; 0% risk of failure)
Press: ? - help, Dir - move target, f - phantasmal warrior
Aim: a phantasmal warrior (empty space bonus: 7/8)
The air twists around and strikes the phantasmal warrior!!
The phantasmal warrior is heavily damaged.
The phantasmal warrior gestures at you.
The phantasmal warrior blinks!
Casting: Airstrike (safe; 0% risk of failure)
Confirm with . or Enter, or press ? or * to list all spells.
Aiming: Airstrike (safe; 0% risk of failure)
Press: ? - help, Dir - move target, f/p - phantasmal warrior
Aim: a phantasmal warrior (heavily damaged, empty space bonus: 3/8)
The air twists around and strikes the phantasmal warrior!
The phantasmal warrior is severely damaged.
You feel less exhausted. The phantasmal warrior hits you!!
* * * LOW HITPOINT WARNING * * *
A wraith comes into view.
Casting: Airstrike (safe; 0% risk of failure)
Confirm with . or Enter, or press ? or * to list all spells.
Aiming: Airstrike (safe; 0% risk of failure)
Press: ? - help, Dir - move target, f/p - phantasmal warrior
Aim: a phantasmal warrior (severely damaged, empty space bonus: 6/8)
The air twists around and strikes the phantasmal warrior!
The phantasmal warrior is almost destroyed.
The phantasmal warrior hits you!!
You die...

##...#.....#..... #
#....#.#......... ##.
##...##.#.........
....####....#............
..#(W.......#............
...........#........>...
#......#...............
#...................... #
#..)..@...###..#....##.
...##.....W...###.#..##.##.
#.........#....##.#.###.†.[
#####..#######........##†.
.. #..# . #........#...
.##.)##. #........#.#.
#.#..#.# #........#.#.
#..##.#..#.##..#........#.##
#.....)....# #..###.....##


You could see a phantasmal warrior and a wraith.

Vanquished Creatures
  Jorgrun (Orc:2)
  Rupert (D:12)
  A dire elephant (Lair:1)
  A fire dragon (Lair:5)
  A hydra (Lair:5)
  Fannar (Lair:1)
  6 ogre magi
  A death knight (D:13)
  A centaur warrior (D:13)
  4 boulder beetles
  4 death yaks (Lair:4)
  24 two-headed ogres
  Urug (Lair:3)
  A hell knight (Volcano)
  A deep elf knight (D:11)
  Nergalle (Lair:3)
  2 skeletal warriors
  A phantasmal warrior (D:13)
  5 orc knights
  A deep elf zephyrmancer (D:13)
  2 lindwurms (Lair:5)
  3 orc sorcerers (Orc:1)
  An oklob plant (Lair:3)
  3 deep elf pyromancers (D:13)
  5 cyclopes
  A manticore (D:12)
  An ugly thing (D:11)
  4 elephants (Lair:4)
  6 black mambas
  2 gargoyles (D:11)
  5 cane toads
  3 molten gargoyles (Lair:5)
  4 centaur skeletons (D:13)
  12 komodo dragons
  4 unseen horrors
  2 kobold demonologists (D:12)
  A komodo dragon (shapeshifter) (D:13)
  A rime drake (Lair:3)
  6 trolls
  2 hornets
  Prince Ribbit (D:5)
  9 blink frogs
  10 slime creatures (D:12)
  A vampire (D:11)
  Sigmund (D:3)
  3 wraiths
  7 wyverns
  49 yaks
  A basilisk (shapeshifter) (D:13)
  3 basilisks
  3 steam dragons
  4 wargs (Orc:1)
  9 vampire mosquitoes
  6 nagas (Lair:3)
  3 acid dragons
  7 hell hounds
  14 water moccasins
  31 orc warriors
  A sky beast (D:8)
  A black bear (D:6)
  36 ogres
  5 wolves (Lair:5)
  4 centaurs
  A phantom (D:4)
  7 kobold brigands
  10 bullfrogs
  A gnoll sergeant (D:7)
  2 scorpions
  12 wights
  5 killer bees
  An electric eel (D:10)
  7 howler monkeys
  15 jellies
  5 lava snakes (Lair:5)
  19 orc priests
  A gnoll bouda (D:9)
  5 hounds
  7 iguanas
  Ijyb (D:4)
  Terence (D:3)
  22 orc wizards
  10 gnolls
  5 adders
  2 shadow imps
  A white imp (D:5)
  An ufetubus (D:6)
  A worm (D:2)
  4 dart slugs
  70 orcs
  9 endoplasms
  7 giant cockroaches
  11 goblins
  9 hobgoblins
  11 jackals
  2 ball pythons
  7 bats
  4 frilled lizards
  A goblin skeleton (D:5)
  4 goblin zombies (D:5)
  5 hobgoblin zombies (D:5)
  28 kobolds
  A kobold zombie (D:5)
  An orc skeleton (D:5)
  5 rats
  A spectral kobold (D:3)
658 creatures vanquished.

Vanquished Creatures (others)
  A two-headed ogre (Orc:1)
  An elephant (Lair:4)
  A yak (D:9)
  A warg (Orc:1)
  An orc wizard (D:10)
  An orc (Orc:1)
  19 fungi
  39 plants
64 creatures vanquished.

Grand Total: 722 creatures vanquished

Notes
Turn   | Place    | Note
-------+----------+-------------------------------------------
     0 | D:1      | zishaf the Tengu Air Elementalist began the quest for the
                  | Orb.
     0 | D:1      | Reached XP level 1. HP: 10/10 MP: 4/4
   157 | D:1      | Reached XP level 2. HP: 5/16 MP: 1/6
   207 | D:1      | Learned a level 2 spell: Static Discharge
   862 | D:1      | Reached skill level 1 in Fighting
   941 | D:1      | Reached XP level 3. HP: 19/20 MP: 1/7
  1332 | D:2      | Reached skill level 5 in Air Magic
  1370 | D:2      | Found Ixalorog's Magic Scroll Shop.
  1855 | D:2      | Reached XP level 4. HP: 25/25 MP: 3/8
  2492 | D:3      | Noticed Sigmund
  2585 | D:3      | Found a faded altar of an unknown god.
  2789 | D:3      | Found an ornate altar of the Wu Jian Council.
  3013 | D:3      | Found Odyacuud's Armour Shoppe.
  3289 | D:3      | Identified the +2 short sword of the Hall of Blades
                  | {freeze, MP+9 Str+3}
  3563 | D:4      | Noticed a phantom
  3570 | D:4      | Killed a phantom
  3571 | D:4      | Reached skill level 6 in Air Magic
  3571 | D:4      | Gained mutation: Your magical nature lets you fly swiftly
                  | and evasively. [Tengu growth]
  3571 | D:4      | Reached XP level 5. HP: 25/31 MP: 8/9
  3576 | D:4      | Learned a level 4 spell: Airstrike
  3745 | D:3      | Reached XP level 6. HP: 25/36 MP: 10/10
  3879 | D:4      | Reached skill level 7 in Air Magic
  4040 | D:4      | Reached XP level 7. HP: 35/41 MP: 11/11
  4138 | D:4      | Found a white marble altar of Elyvilon.
  4150 | D:4      | Noticed Ijyb
  4163 | D:4      | Killed Ijyb
  4216 | D:4      | Found a staircase to the Ecumenical Temple.
  4226 | Temple   | Entered the Ecumenical Temple
  4345 | Temple   | Became a worshipper of Ru the Awakened
  4511 | D:4      | Found a basalt altar of Yredelemnul.
  4577 | D:4      | Found a hazy altar of Hepliaklqana.
  4696 | D:4      | You are sucked into a shaft and drop 1 floor!
  4696 | D:5      | Entered Level 5 of the Dungeon
  4714 | D:5      | Reached skill level 8 in Air Magic
  4931 | D:4      | Reached skill level 5 in Conjurations
  5039 | D:3      | Noticed Terence
  5044 | D:3      | Killed Sigmund
  5068 | D:3      | Killed Terence
  5195 | D:5      | Reached XP level 8. HP: 48/48 MP: 14/14
  5204 | D:5      | Learned a level 5 spell: Arcjolt
  5305 | D:5      | Found a glowing golden altar of the Shining One.
  5713 | D:5      | Noticed Prince Ribbit
  5723 | D:5      | Killed Prince Ribbit
  5724 | D:5      | Reached skill level 9 in Air Magic
  5888 | D:5      | Found a shimmering blue altar of Sif Muna.
  5906 | D:5      | Got Sif Muna's Papyrus of Iniquitous Rites
  5976 | D:5      | Gained mutation: You are missing a hand. [Ru sacrifice]
  5976 | D:5      | Reached * piety under Ru
  5976 | D:5      | Reached ** piety under Ru
  5976 | D:5      | Reached *** piety under Ru
  6055 | D:5      | Found a shadowy altar of Dithmenos.
  6558 | D:6      | Reached skill level 10 in Air Magic
  6744 | D:6      | Found a sparkling altar of Nemelex Xobeh.
  6939 | D:6      | Reached XP level 9. HP: 53/53 MP: 16/16
  6979 | D:6      | Reached skill level 5 in Fighting
  7053 | D:6      | Found a broken altar of Ashenzari.
  7343 | D:6      | Found Sefriad's Antique Armour Boutique.
  7372 | D:6      | Bought an embroidered robe for 77 gold pieces
  7525 | D:6      | Reached skill level 11 in Air Magic
  7595 | D:6      | Found an iron altar of Okawaru.
  7595 | D:6      | Found a bloodstained altar of Trog.
  8185 | D:7      | Reached skill level 5 in Spellcasting
  8318 | D:7      | Found an opulent altar of Gozag.
  8507 | D:7      | Reached skill level 12 in Air Magic
  8530 | D:7      | Found a glowing silver altar of Zin.
  8781 | D:8      | Gained mutation: You cannot train Armour skill. [Ru
                  | sacrifice]
  8781 | D:8      | Reached **** piety under Ru
  8815 | D:8      | Reached XP level 10. HP: 60/60 MP: 18/18
  8872 | D:8      | Found a flagged portal.
  8893 | Bailey   | Entered a bailey
  8988 | Bailey   | Identified the +9 sling "Efoakee" {speed, Str-5 Int+4}
  9022 | Bailey   | Reached skill level 13 in Air Magic
  9447 | D:8      | Found a staircase to the Lair.
  9711 | D:9      | Reached skill level 14 in Air Magic
 10376 | D:9      | Reached skill level 10 in Conjurations
 10454 | D:9      | Identified the +5 dagger of Fundamental Breach {venom, rF+
                  | Int+5}
 10821 | D:9      | Reached XP level 11. HP: 65/67 MP: 15/19
 10853 | D:9      | Learned a level 8 spell: Maxwell's Capacitive Coupling
 10878 | D:10     | Entered Level 10 of the Dungeon
 10962 | D:10     | Noticed a two-headed ogre
 10974 | D:10     | Killed a two-headed ogre
 10975 | D:10     | Reached skill level 15 in Air Magic
 10992 | D:10     | Noticed a two-headed ogre
 11007 | D:10     | Killed a two-headed ogre
 11372 | D:10     | Gained mutation: You cannot study or use magical devices.
                  | [Ru sacrifice]
 11372 | D:10     | Reached ***** piety under Ru
 11372 | D:10     | Reached ****** piety under Ru
 11948 | D:10     | Found a staircase to the Orcish Mines.
 12324 | Lair:1   | Entered Level 1 of the Lair of Beasts
 12440 | Lair:1   | Identified the +7 longbow of the Mosquito {freeze, *Corrode
                  | rC++ Str+4}
 12468 | Lair:1   | Noticed Fannar
 12528 | Lair:1   | Killed Fannar
 12529 | Lair:1   | Reached skill level 16 in Air Magic
 13411 | Lair:2   | Noticed a boulder beetle
 13443 | Lair:1   | HP: 2/66 [boulder beetle (22)]
 13453 | Lair:1   | Killed a boulder beetle
 13454 | Lair:1   | Reached XP level 12. HP: 20/75 MP: 6/22
 13798 | Lair:2   | Identified the +1 leather armour "Qaolyutic" {Harm rC+ rN+}
 13889 | Lair:2   | Noticed a dire elephant
 14350 | D:11     | Reached skill level 17 in Air Magic
 15015 | D:11     | Noticed a two-headed ogre
 15020 | D:11     | Killed a two-headed ogre
 15072 | D:11     | Noticed a boulder beetle
 15085 | D:11     | Noticed a two-headed ogre
 15086 | D:11     | Killed a boulder beetle
 15095 | D:11     | Killed a two-headed ogre
 15096 | D:11     | Reached skill level 18 in Air Magic
 15188 | D:11     | Reached skill level 10 in Fighting
 15248 | D:11     | Noticed a deep elf knight
 15254 | D:11     | Killed a deep elf knight
 15440 | D:11     | Reached XP level 13. HP: 47/82 MP: 18/25
 15569 | D:11     | Identified the amulet of Palet {RegenMP rN+ Int+2}
 15977 | Lair:1   | Killed a dire elephant
 16202 | Lair:2   | Found a staircase to the Shoals.
 16497 | Lair:2   | Reached skill level 19 in Air Magic
 16839 | Lair:3   | Noticed Nergalle
 16980 | Lair:3   | Killed Nergalle
 16983 | Lair:3   | Noticed Urug
 16988 | Lair:3   | Killed Urug
 17873 | Lair:3   | Found a staircase to the Snake Pit.
 18750 | Lair:4   | Reached skill level 20 in Air Magic
 19572 | Lair:5   | Entered Level 5 of the Lair of Beasts
 19591 | Lair:5   | Learned a level 9 spell: Chain Lightning
 19787 | Lair:5   | Found a staircase to the Slime Pits.
 19787 | Lair:5   | Found a viscous altar of Jiyva.
 19811 | Lair:5   | Reached XP level 14. HP: 90/90 MP: 28/28
 20744 | Lair:5   | Found a large runed translucent door.
 20744 | Lair:5   | Found a large runed translucent door.
 21214 | Lair:5   | Learned a level 3 spell: Swiftness
 21471 | Orc:1    | Entered Level 1 of the Orcish Mines
 21471 | Orc:1    | You are sucked into a shaft and drop 1 floor!
 21471 | Orc:2    | Entered Level 2 of the Orcish Mines
 21516 | Orc:2    | Found a dark tunnel.
 21579 | Volcano  | Entered a volcano
 21674 | Volcano  | Reached skill level 10 in Spellcasting
 21674 | Volcano  | Reached skill level 21 in Air Magic
 22032 | Orc:1    | Found Beneot's Antique Armour Shop.
 23171 | Orc:2    | Found a staircase to the Elven Halls.
 23270 | Orc:2    | Noticed Jorgrun
 23274 | Orc:2    | Killed Jorgrun
 23571 | Orc:2    | Reached XP level 15. HP: 45/97 MP: 22/30
 23979 | Orc:2    | Reached skill level 22 in Air Magic
 24379 | Orc:2    | Found Weriwo's Weapon Boutique.
 24379 | Orc:2    | Found Oheedu Ynyi's General Store.
 24380 | Orc:2    | Found Oruet's Jewellery Emporium.
 24380 | Orc:2    | Found Duokuan's Magic Scroll Boutique.
 24388 | Orc:2    | Bought a scroll of enchant armour for 127 gold pieces
 24388 | Orc:2    | Bought a potion of heal wounds for 85 gold pieces
 24389 | Orc:2    | Bought a scroll of blinking for 112 gold pieces
 24448 | Orc:2    | Bought the ring of Ibof {rC+ SInv} for 470 gold pieces
 24865 | D:12     | Reached skill level 15 in Conjurations
 25588 | D:12     | Noticed Rupert
 25592 | D:12     | Killed Rupert
 26733 | D:13     | Slain by a phantasmal warrior

Illustrated notes

Levels and vault maps discovered:
D:1:      elethiomel_arrival_shortcut, layout_basic
D:2:      layout_basic, serial_shops, shop
D:3:      layout_basic, old_standard_altar,
          dreamdust_ecumenical_altar_drowned_temple, serial_shops,
          shop_fountains, uniq_terence, uniq_sigmund
D:4:      dreamdust_elfheim, layout_cave_pools, mainiacjoe_overflow_big_doors,
          lemuel_crystal_altar, minmay_temple_entry_steel_oval,
          kennysheep_nondescript, uniq_ijyb
D:5:      layout_basic, led_sif_book, nicolae_tso_besieged_by_evil,
          mainiacjoe_overflow_alcove_2, uniq_prince_ribbit1
D:6:      layout_loops_corners, grunt_temple_overflow_bloody_war,
          mainiacjoe_overflow_24_doors, lemuel_tele_altar, serial_shops,
          nicolae_shop_window_shopping, minmay_manual_mares
D:7:      layout_rooms, grunt_gozag_statues, zin_academy,
          minmay_misc_feat_columns, grunt_ministairs_15
D:8:      layout_rooms, lair_entry_dummy, enter_bailey_5
D:9:      layout_loops_ring
D:10:     layout_basic, erik_orc_2
D:11:     nzn_winding_woodlands_medium [nzn_winding_woodlands_5x5_three,
          nzn_winding_woodlands_5x15_parted,
          nzn_winding_woodlands_5x5_closed_star,
          nzn_winding_woodlands_5x5_checkerboard,
          nzn_winding_woodlands_center_diamonds,
          nzn_winding_woodlands_hourglass, nzn_winding_woodlands_5x5_open_star,
          nzn_winding_woodlands_5x15_sawtooth,
          nzn_winding_woodlands_5x5_perimeter], layout_basic
D:12:     layout_small_grid, st_stairs_5, uniq_rupert
D:13:     layout_rooms, hangedman_vaults_entry_quadrant_bands,
          hangedman_decor_growths
Temple:   kb_temple_of_zot
Lair:1:   layout_gridlike, lemuel_another_geyser, uniq_fannar
Lair:2:   layout_hall_layers, shoals_dummy_entry, nicolae_lair_grazing_beasts
          [nicolae_sub_lair_graze_edge, nicolae_sub_lair_graze_edge,
          nicolae_sub_lair_graze_edge, nicolae_sub_lair_graze_edge]
Lair:3:   layout_big_grid, minmay_snake_entry_guardpost_medium,
          lemuel_fruit_tree, uniq_nergalle, uniq_urug
Lair:4:   layout_regular_city
Lair:5:   cheibrodos_lair_end_hotspot, layout_regular_city,
          minmay_slime_entry_jelly_boxes
Orc:1:    nicolae_orc_accident_1, layout_caves, serial_shops, shop,
          guppyfry_orc_lava_fort
Orc:2:    st_orc_ogre_mass, layout_caves, basic_altar, enter_volcano_3,
          uniq_jorgrun

Skill      XL: |  1  2  3  4  5  6  7  8  9 10 11 12 13 14 15 |
---------------+----------------------------------------------+-----
Conjurations   | 2 3 4 5 6 8 10 11 12 14 16 | 16.0
Fighting       | 1 2 3 4 6 7 8 10 11 12 14 | 14.1
Air Magic      | 5 6 7 8 10 12 14 16 18 20 21 22 | 22.7
Spellcasting   | 3 4 5 6 7 9 10 | 10.0
Dodging        | |  2.1
Stealth        | |  2.0

Action                   |  1- 3 |  4- 6 |  7- 9 | 10-12 | 13-15 || total
-------------------------+-------+-------+-------+-------+-------++-------
Melee: Short sword       |     6 |     9 |     3 |    49 |    52 ||   119
       Unarmed           |     5 |       |       |       |       ||     5
       Peck              |     4 |     1 |       |    11 |    14 ||    30
       Kick              |     2 |     2 |     1 |    15 |    25 ||    45
       Punch             |       |     1 |       |       |       ||     1
 Cast: Shock             |    79 |    89 |   277 |   236 |   171 ||   852
       Static Discharge  |     1 |    10 |    26 |     1 |     1 ||    39
       Arcjolt           |       |       |     5 |   147 |   278 ||   430
       Airstrike         |       |       |     2 |    38 |    30 ||    70
       Maxwell's Capacit |       |       |       |     2 |    45 ||    47
       Swiftness         |       |       |       |       |     1 ||     1
Invok: Sacrifice a Hand  |       |       |     1 |       |       ||     1
       Sacrifice Durabil |       |       |     1 |       |       ||     1
       Draw Out Power    |       |       |       |     4 |     1 ||     5
       Sacrifice Artific |       |       |       |     1 |       ||     1
       Apocalypse        |       |       |       |     1 |     3 ||     4
Evoke: Wand              |       |       |     5 |       |       ||     5
  Use: Scroll            |       |     7 |     4 |    12 |     5 ||    28
       Potion            |       |       |     1 |     3 |     2 ||     6
 Stab: Paralysed         |       |       |       |     4 |     2 ||     6
Armor: Robe              |     3 |     2 |     8 |    12 |     2 ||    27
       Leather armour    |       |       |       |    35 |    47 ||    82
Dodge: Dodged            |    11 |    15 |    34 |   106 |   209 ||   375

Table legend: (Time is in decaauts)
 A = Elapsed time spent in this place.
 B = Non-inter-level travel time spent in this place.
 C = Inter-level travel time spent in this place.
 D = Time resting spent in this place.
 E = Time spent auto-exploring this place.
 F = Levels seen in this place.
 G = Mean time per level.
                   A        B        C        D        E       F      G
               +--------+--------+--------+--------+--------+-----+--------+
         Total |  25516 |  24415 |   1101 |   3823 |  16032 |  23 | 1109.4 |
       Dungeon |  15372 |  14650 |    722 |   1743 |  10276 |  13 | 1182.5 |
        Temple |    135 |     90 |     45 |      0 |     80 |   1 |  135.0 |
          Lair |   6702 |   6447 |    255 |    951 |   4355 |   5 | 1340.4 |
  Orcish Mines |   2663 |   2585 |     78 |   1077 |   1049 |   2 | 1331.5 |
        Bailey |    295 |    295 |      0 |     44 |     87 |   1 |  295.0 |
       Volcano |    346 |    346 |      0 |      6 |    183 |   1 |  346.0 |
               +--------+--------+--------+--------+--------+-----+--------+

Top non-repeatable levels by time:
   Orc:1: 1705 daAuts
    D:11: 1688 daAuts
    D:10: 1685 daAuts
     D:6: 1667 daAuts
  Lair:5: 1658 daAuts
  Lair:2: 1481 daAuts
     D:3: 1343 daAuts
  Lair:1: 1322 daAuts
     D:1: 1316 daAuts
     D:5: 1242 daAuts
    D:12: 1229 daAuts
     D:2: 1218 daAuts
  Lair:3: 1208 daAuts
     D:9: 1172 daAuts
  Lair:4: 1032 daAuts
